 Dungeon Crawl Stone Soup version 0.30-a0-263-ge22c4ad894 (webtiles) character file.

Game seed: 5106969086386983446

107 Sobieck the Ruffian (level 4, 0/45 HPs)
             Began as an Ogre Transmuter on Oct 13, 2022.
             Was an Initiate of Wu Jian.
             Slain by a jelly (3 damage)
             ... on level 3 of the Dungeon.
             The game lasted 00:06:13 (2197 turns).

Sobieck the Ruffian (Ogre Transmuter)               Turns: 2197, Time: 00:06:13

Health: 0/45       AC: -13   Str: 14    XL:     4   Next: 85%
Magic:  6/7        EV: 10    Int: 16    God:    Wu Jian [......]
Gold:   172        SH:  0    Dex:  9    Spells: 1/7 levels left

rFire   . . .      SeeInvis .      - Unarmed
rCold   + . .      Faith    .    (no shield)
rNeg    . . .      Spirit   .    a - +0 robe
rPois   .          Reflect  .    (helmet currently unavailable)
rElec   .          Harm     .    (no cloak)
rCorr   .          Rampage  .    (gloves unavailable)
Will    .....                    (boots unavailable)
Stlth   +.........               (no amulet)
HPRegen 0.27/turn                A - ring of protection from cold
MPRegen 0.10/turn                (no ring)

@: appendages, corroded
A: horns 2, talons 2, large, unfitting armour, tough skin 1
a: End Transformation, Renounce Religion


You were on level 3 of the Dungeon.
You worshipped Wu Jian.
Wu Jian was noncommittal.
You had temporarily grown beastly horns and talons.
You visited 1 branch of the dungeon, and saw 4 of its levels.

You collected 172 gold pieces.


Innate Abilities, Weirdness & Mutations

You have temporarily grown beastly horns and talons.
You are too large for most types of armour.
You have tough skin. (AC +1)


   Skills:
 + Level 3.0 Fighting
 - Level 2.0 Dodging
 * Level 3.9 Unarmed Combat
 - Level 2.4 Spellcasting
 + Level 2.6 Transmutations


You had one spell level left.
You knew the following spells:

 Your Spells              Type           Power      Damage    Failure   Level
a - Beastly Appendage     Tmut           20%        N/A       7%          1
b - Wereblood             Tmut           10%        N/A       10%         2
c - Spider Form           Tmut/Pois      6%         N/A       34%         3

Your spell library contained the following spells:

 Spells                   Type           Power      Damage    Failure   Level
 Magic Dart               Conj           4%         1d3       21%         1
 Call Imp                 Summ           1%         N/A       30%         2
 Mephitic Cloud           Conj/Pois/Air  1%         N/A       52%         3
 Ice Form                 Ice/Tmut       6%         N/A       75%         4

Inventory:

Hand Weapons
 c - a +0 dagger {short}
   (You took it off a kobold on level 1 of the Dungeon)
 e - a +0 long sword {long}
   (You found it on level 1 of the Dungeon)
 g - a +0 mace {mace}
   (You found it on level 1 of the Dungeon)
 l - a +0 dagger {short}
   (You found it on level 1 of the Dungeon)
 m - a +0 hand axe {axe}
   (You found it on level 1 of the Dungeon)
 o - a +0 dagger {short}
   (You found it on level 1 of the Dungeon)
 p - a +0 club {mace}
   (You took it off a goblin on level 1 of the Dungeon)
 q - a +0 dagger {short}
   (You took it off a goblin on level 1 of the Dungeon)
Missiles
 j - 21 stones {throwing}
 u - 2 poisoned darts {throwing}
 w - 2 throwing nets {=f!fthrowing}
Armour
 a - a +0 robe (worn)
 i - a +0 robe
   (You found it on level 1 of the Dungeon)
 B - a +0 robe
   (You found it on level 3 of the Dungeon)
 C - a +0 robe
   (You found it on level 3 of the Dungeon)
Jewellery
 A - a ring of protection from cold (left hand)
   (You found it on level 3 of the Dungeon)
Scrolls
 d - 3 scrolls of amnesia {unknown}
 k - a scroll of silence {unknown}
 n - 6 scrolls of identify {unknown}
 r - 3 scrolls of vulnerability {unknown}
 s - a scroll of brand weapon {unknown}
 x - a scroll of teleportation {unknown}
 y - 2 scrolls of magic mapping {unknown}
Potions
 b - a potion of lignification {!q}
 f - 2 potions of flight {unknown}
 h - a potion of might {unknown}
 t - a potion of mutation {unknown}
 v - a potion of heal wounds {unknown}
 z - 2 potions of curing {unknown}

Dungeon Overview and Level Annotations

Branches:
Dungeon (4/15) Zot: 21806
 Temple: D:4-7

Altars:
Dithmenos
Wu Jian

Annotations:
D:4 Grinder

####.#.###.#.##........#
#÷#...#.............#
#.###.#######.......#
####.# #.# #........#
.....# #.######.#....###
#.)### #.......<.....#
#...# ###########...#
..#.##########..J....#
...)............@#####
###.###..........#####
.....##..............#
...#.##..............#
...#'##..............#
......<..........#####
#................#
#.......########.#
#........## #.#


You could see a jelly.


Message History

There is an ornate altar of the Wu Jian Council here.
You see here a bat corpse.
You pick up a book of Minor Magic and begin reading...
You add the spells Magic Dart, Call Imp and Mephitic Cloud to your library.
Unknown command.
C - a +0 robe A kobold comes into view. It is wielding a +0 short sword.
Danger!
The kobold shouts!
You closely miss the kobold.
The kobold hits you with a +0 short sword.
You hit the kobold but do no damage. The kobold hits you but does no damage.
You closely miss the kobold.
The kobold hits you with a +0 short sword.
You hit the kobold.
You kill the kobold!
The Council accepts your kill.
No target in view!
No target in view!
Things that are here:
a +0 short sword {short}; a kobold corpse
Found a stone staircase leading down.
Unknown command.
There is an open door here.
Items here: ))))) [[ ÷÷÷÷÷.
Things that are here:
a +0 dagger {short}; an orc skeleton You see here a rat skeleton.
There is an open door here.
There is a stone staircase leading up here.
Done exploring.
Done exploring.
(D) Dungeon
Where to? (Enter - D:3, ? - help)
There is an open door here.
You see here a rat skeleton.
There is a stone staircase leading down here.
You climb downwards.
Grinder shouts!
You hear a shout!
You hear a bark! x2
Found a stone staircase leading down.
There is a stone staircase leading up here.
Grinder is nearby!
Danger!
Unknown command.
Unknown command.
Grinder drinks a potion.
Grinder suddenly seems more resistant.
You climb upwards.
There is a stone staircase leading down here.
Unknown command.
There is a stone staircase leading down here.
You climb downwards.
Level annotation: Grinder The jelly quivers.
Found a scroll labelled WOIRIZ XASSE.
Found an escape hatch in the floor.
Found a stone staircase leading down.
There is a stone staircase leading up here.
Danger!
Unknown command.
Unknown command.
Unknown command.
Unknown command.
You throw a poisoned dart {throwing}.
The poisoned dart {throwing} hits the jelly.
Unknown command.
Unknown command.
Unknown command.
Unknown command.
You grow a pair of large bovine horns.
Your feet morph into talons.
Unknown command.
You hit the jelly. The acid corrodes you!
Your hands burn!
The jelly barely misses you.
You hit the jelly but do no damage. The acid corrodes you!
Your hands burn!
You claw the jelly, but do no damage. You headbutt the jelly.
The jelly hits you.
You are splashed with acid!
You are too injured to fight recklessly!
Unknown command.
The jelly hits you.
You are splashed with acid!
* * * LOW HITPOINT WARNING * * *
You climb upwards.
There is a stone staircase leading down here.
Unknown command.
Unknown command.
You hit the jelly but do no damage.
Your hands burn!
* * * LOW HITPOINT WARNING * * *
You claw the jelly, but do no damage. The jelly hits you.
* * * LOW HITPOINT WARNING * * *
You are splashed with acid.
* * * LOW HITPOINT WARNING * * *
Unknown command.
You hit the jelly. The acid corrodes you!
Your hands burn!
* * * LOW HITPOINT WARNING * * *
You claw the jelly, but do no damage.
You headbutt the jelly, but do no damage.
The jelly hits you.
* * * LOW HITPOINT WARNING * * *
The acid corrodes you!
You are splashed with acid.
* * * LOW HITPOINT WARNING * * *
Unknown command.
You completely miss the jelly. The jelly hits you.
You die...

Skill      XL: |  1  2  3  4 |
---------------+-------------+-----
Transmutations | 2 |  2.6
Dodging        | 2 |  2.0
Unarmed Combat | 3 |  3.9
Fighting       | 2 3 |  3.0
Spellcasting   | |  2.4

Action                   |  1- 3 |  4- 6 || total
-------------------------+-------+-------++-------
Melee: Unarmed           |    62 |    74 ||   136
       Kick              |    18 |    14 ||    32
       Headbutt          |     6 |     8 ||    14
       Punch             |     1 |     3 ||     4
Throw: Dart              |       |     3 ||     3
 Cast: Beastly Appendage |    19 |    13 ||    32
       Wereblood         |     1 |     1 ||     2
Armor: Robe              |    18 |    25 ||    43
Dodge: Dodged            |    31 |    34 ||    65

Levels and vault maps discovered:
D:1:      dpeg_arrival_shelter, layout_loops_cross, hex_large, roderic_lattice_a
D:2:      minmay_diamond_boxcup, layout_rooms, chequers_ecumenical_altar_island,
          chequers_serial_rivers_micro_c
D:3:      layout_basic, old_standard_altar,
          nicolae_dithmenos_through_a_glass_darkly, chequers_arboretum
D:4:      layout_rooms, lemuel_temple_firewalk_a, uniq_crazy_yiuf_cottage,
          uniq_grinder

Notes
Turn   | Place    | Note
-------+----------+-------------------------------------------
     0 | D:1      | Sobieck the Ogre Transmuter began the quest for the Orb.
     0 | D:1      | Reached XP level 1. HP: 19/19 MP: 3/3
   175 | D:1      | Reached XP level 2. HP: 28/28 MP: 3/5
   309 | D:1      | Reached skill level 2 in Transmutations
   310 | D:1      | Reached skill level 2 in Dodging
   310 | D:1      | Reached skill level 3 in Unarmed Combat
   843 | D:2      | Reached skill level 2 in Fighting
   843 | D:2      | Reached XP level 3. HP: 35/35 MP: 4/6
   947 | D:1      | Learned a level 2 spell: Wereblood
   951 | D:1      | Learned a level 3 spell: Spider Form
  1090 | D:2      | Found a faded altar of an unknown god.
  1289 | D:2      | Reached XP level 4. HP: 42/44 MP: 2/7
  1511 | D:3      | Found a shadowy altar of Dithmenos.
  1834 | D:3      | Reached skill level 3 in Fighting
  2011 | D:3      | Found an ornate altar of the Wu Jian Council.
  2022 | D:3      | Became a worshipper of the Wu Jian Council
  2035 | D:3      | You pick up a book of Minor Magic and begin reading...
  2035 | D:3      | You add the spells Magic Dart, Call Imp and Mephitic Cloud
                  | to your library.
  2167 | D:4      | Noticed Grinder
  2195 | D:3      | HP: 11/45 [acid (4)]
  2196 | D:3      | HP: 2/45 [acid (6)]
  2197 | D:3      | Slain by a jelly

Vanquished Creatures
  3 adders (D:2)
  6 dart slugs
  6 orcs (D:3)
  7 bats
  3 endoplasms
  A giant cockroach (D:3)
  5 goblins
  3 hobgoblins
  4 jackals (D:3)
  3 quokkas (D:2)
  5 ball pythons
  2 frilled lizards
  7 kobolds
  5 rats
60 creatures vanquished.

Table legend:
 A = Non-vault XP
 B = Vault XP
 C = Vault XP percentage of total XP
 D = Non-vault monster count
 E = Vault monster count
 F = Vault count percentage of total count
                 A         B        C        D         E       F
            +---------+---------+-------+---------+---------+-------
      Total |     123 |      30 |  19.6 |      50 |      10 |  16.7
            +---------+---------+-------+---------+---------+-------
        D:1 |      19 |       0 |   0.0 |      10 |       0 |   0.0
        D:2 |      60 |      30 |  33.3 |      17 |      10 |  37.0
        D:3 |      44 |       0 |   0.0 |      23 |       0 |   0.0
            +---------+---------+-------+---------+---------+-------

Illustrated notes

Table legend:
 A = Kills in this place as a percentage of kills in entire the game.
 B = Kills by you in this place as a percentage of kills by you in the entire game.
 C = Kills by friends in this place as a percentage of kills by friends in the entire game.
 D = Other kills in this place as a percentage of other kills in the entire game.
 E = Experience gained in this place as a percentage of experience gained in the entire game.
 F = Experience gained in this place divided by the number of levels of this place that you have seen.
                   A       B       C       D       E      F
               +-------+-------+-------+-------+-------+----------------------
         Total | 100.0 | 100.0 |   N/A |   N/A | 100.0 |  38.2
       Dungeon | 100.0 | 100.0 |   N/A |   N/A | 100.0 |  38.2
               +-------+-------+-------+-------+-------+----------------------

Table legend: (Time is in decaauts)
 A = Elapsed time spent in this place.
 B = Non-inter-level travel time spent in this place.
 C = Inter-level travel time spent in this place.
 D = Time resting spent in this place.
 E = Time spent auto-exploring this place.
 F = Levels seen in this place.
 G = Mean time per level.
                   A        B        C        D        E       F      G
               +--------+--------+--------+--------+--------+-----+--------+
         Total |   2192 |   2081 |    111 |     26 |   1678 |   4 |  548.0 |
       Dungeon |   2192 |   2081 |    111 |     26 |   1678 |   4 |  548.0 |
               +--------+--------+--------+--------+--------+-----+--------+

Top non-repeatable levels by time:
     D:1: 824 daAuts
     D:2: 685 daAuts
     D:3: 670 daAuts
     D:4: 11 daAuts
